 Dungeon Crawl Stone Soup version 0.29-a0-1047-g7c58e119a4 (webtiles) character file.

Game seed: 16224020849897169532

19 ytrimaz the Insei (level 2, -4/21 HPs)
             Began as a Demonspawn Transmuter on Aug 16, 2022.
             Slain by a worm (11 damage)
             ... on level 2 of the Dungeon.
             The game lasted 00:00:46 (1292 turns).

ytrimaz the Insei (Demonspawn Transmuter)           Turns: 1292, Time: 00:00:46

Health: -4/21      AC:  2    Str: 10    XL:     2   Next: 55%
Magic:  4/5        EV: 12    Int: 14    God:
Gold:   42         SH:  4    Dex: 13    Spells: 4/5 levels left

rFire   . . .      SeeInvis .     - Unarmed
rCold   . . .      Faith    .   (no shield)
rNeg    . . .      Spirit   .   a - +0 robe
rPois   .          Reflect  .   (helmet currently unavailable)
rElec   .          Harm     .   (no cloak)
rCorr   +          Rampage  .   (no gloves)
Will    .....                   (boots currently unavailable)
Stlth   +.........              (no amulet)
HPRegen 0.07/turn               d - ring of resist corrosion
MPRegen 0.09/turn               (no ring)

@: appendages
A: horns 2, talons 2, condensation shield
a: End Transformation


You were on level 2 of the Dungeon.
You had temporarily grown beastly horns and talons.
You visited 1 branch of the dungeon, and saw 2 of its levels.

You collected 42 gold pieces.

Inventory:

Armour
 a - a +0 robe (worn)
Jewellery
 d - a ring of resist corrosion (left hand)
Potions
 b - 2 potions of lignification
 c - 3 potions of haste
 e - a potion of degeneration {unknown}


   Skills:
 - Level 1.0 Fighting
 - Level 1.7 Dodging
 + Level 3.6 Unarmed Combat
 - Level 2.0 Spellcasting
 - Level 1.7 Transmutations


You had 4 spell levels left.
You knew the following spells:

 Your Spells              Type           Power      Damage    Failure   Level
a - Beastly Appendage     Tmut           12%        N/A       12%         1

Your spell library contained the following spells:

 Spells                   Type           Power      Damage    Failure   Level
 Wereblood                Tmut           6%         N/A       17%         2
 Spider Form              Tmut/Pois      3%         N/A       45%         3
 Ice Form                 Ice/Tmut       3%         N/A       86%         4


Dungeon Overview and Level Annotations

Branches:
Dungeon (2/15)

Altars:


Innate Abilities, Weirdness & Mutations

You have temporarily grown beastly horns and talons.
A meltable shield of frost defends you. (SH +4)


Message History

Unknown command.
You hit the endoplasm.
The endoplasm is moderately wounded.
The endoplasm hits you.
You hit the endoplasm.
The endoplasm is heavily wounded.
The endoplasm freezes you.
You are frozen.
You hit the endoplasm but do no damage. You claw the endoplasm.
You kill the endoplasm!
You are too injured to fight recklessly!
Unknown command.
There is a stone staircase leading down here.
Your horns disappear.
Your talons disappear.
Key pressed, stopping explore.
No target in view!
A worm comes into view.
A worm is nearby!
A worm is nearby!
The worm bites you!
A worm is nearby!
You hit the worm.
The worm is lightly wounded.
You grow a pair of large bovine horns.
Your feet morph into talons.
The worm bites you.
You barely miss the worm. You claw the worm.
The worm is moderately wounded.
You are too injured to fight recklessly!
You hit the worm but do no damage. You claw the worm.
The worm is heavily wounded.
The worm barely misses you.
Unknown command.
You are too injured to fight recklessly!
You hit the worm.
The worm is heavily wounded.
You hit the worm. Your punch misses the worm.
The worm is almost dead.
The worm bites you!
Ouch! That really hurt!
You die...

#.# #.#
#.###
#...#
###.#
#.#
#####.#
#.....#
#.#####
#@# #w#
#..
###. ..
##


You could see a worm.

Vanquished Creatures
  2 dart slugs (D:1)
  2 endoplasms
  A giant cockroach (D:1)
  3 hobgoblins (D:1)
  A ball python (D:1)
  A bat (D:1)
  A frilled lizard (D:2)
  2 kobolds
  3 rats
16 creatures vanquished.

Notes
Turn   | Place    | Note
-------+----------+-------------------------------------------
     0 | D:1      | ytrimaz the Demonspawn Transmuter began the quest for the
                  | Orb.
     0 | D:1      | Reached XP level 1. HP: 15/15 MP: 3/3
   315 | D:1      | Found a faded altar of an unknown god.
   387 | D:1      | Reached skill level 3 in Unarmed Combat
   588 | D:1      | Gained mutation: A meltable shield of frost defends you.
                  | (SH +4) [demonic ancestry]
   588 | D:1      | Reached XP level 2. HP: 17/21 MP: 5/5
  1292 | D:2      | Slain by a worm

Illustrated notes

Levels and vault maps discovered:
D:1:      minmay_arrival_four_houses, layout_basic, shapermc_ecumenical_altar_gd
D:2:      layout_loops_ring, corexii_shack

Skill      XL: |  1 |
---------------+----+-----
Unarmed Combat | 3 |  3.6
Fighting       | |  1.0
Dodging        | |  1.7
Spellcasting   | |  2.0
Transmutations | |  1.7

Action                   || total
-------------------------++-------
Melee: Unarmed           ||    58
       Kick              ||     6
       Headbutt          ||     2
 Cast: Beastly Appendage ||     8
  Use: Scroll            ||     2
Armor: Robe              ||    10
Dodge: Dodged            ||    44
Block: Other             ||     3

Table legend: (Time is in decaauts)
 A = Elapsed time spent in this place.
 B = Non-inter-level travel time spent in this place.
 C = Inter-level travel time spent in this place.
 D = Time resting spent in this place.
 E = Time spent auto-exploring this place.
 F = Levels seen in this place.
 G = Mean time per level.
                   A        B        C        D        E       F      G
               +--------+--------+--------+--------+--------+-----+--------+
         Total |   1288 |   1276 |     12 |      0 |   1109 |   2 |  644.0 |
       Dungeon |   1288 |   1276 |     12 |      0 |   1109 |   2 |  644.0 |
               +--------+--------+--------+--------+--------+-----+--------+

Top non-repeatable levels by time:
     D:1: 1010 daAuts
     D:2: 277 daAuts
